 Dungeon Crawl Stone Soup version 0.13-a0-2485-g242ae62 (webtiles) character file.

2266 Rycklaryybbe the Thaumaturge (level 8, 0/57 HPs)
             Began as a Green Draconian Summoner on July 21, 2013.
             Was an Elder of Sif Muna.
             Slain by a wight
             ... wielding a cursed +3,+2 great mace
              (12 damage)
             ... on Level 7 of the Dungeon.
             The game lasted 00:47:41 (8545 turns).

Rycklaryybbe the Thaumaturge (DrSu)                 Turns: 8545, Time: 00:47:41

HP   0/57        AC  8     Str 11      XL: 8   Next: 99%
MP  29/31        EV 12     Int 17      God: Sif Muna [****..]
Gold 311         SH  0     Dex 12      Spells:  4 memorised, 13 levels left

Res.Fire  : x . .   See Invis. : .   C - +1,+3 spear (distort)
Res.Cold  : + . .   Warding    : .   (armour unavailable)
Life Prot.: . . .   Conserve   : .   (no shield)
Res.Poison: +       Res.Corr.  : .   l - +1 cap
Res.Elec. : .       Clarity    : .   u - +0 cloak
Sust.Abil.: . .     Spirit.Shd : .   (no gloves)
Res.Mut.  : .       Stasis     : .   (no boots)
Res.Rott. : .       Flight     : .   t - amulet of faith
Saprovore : . . .                    B - ring of ice
                                     j - ring of magical power

@: about to teleport, drained, slightly resistant to hostile enchantments,
unstealthy
A: breathe noxious fumes, unfitting armour, poison resistance, AC +6
a: Breathe Noxious Fumes, Channel Energy, Forget Spell, Renounce Religion


You were on level 7 of the Dungeon.
You worshipped Sif Muna.
Sif Muna was extremely pleased with you.
You were very hungry.

You visited 2 branches of the dungeon, and saw 8 of its levels.
You also visited: Ossuary.

You collected 291 gold pieces.

Inventory:

Hand weapons
 a - a +0,+0 halberd
 g - a +0,+0 spear
 h - a cursed +0,+0 short sword
 k - a cursed +1,+0 elven short sword
 s - a +2,+4 quarterstaff of chaos
 w - a +0,+0 spear
 x - a +2,+5 flail of protection
 C - a +1,+3 spear of distortion (weapon)
 E - a +2,+1 bow of flame
 H - a +2,+1 elven spear (quivered)
 R - the +4,+2 spear of Overwhelming Force {freeze, Str+3 Dex+4 Int+3}
   (You found it on level 7 of the Dungeon)

   It has been specially enchanted to freeze those struck by it, causing extra
   injury to most foes and up to double damage against particularly susceptible
   opponents.
   It can also slow down cold-blooded creatures.
   It affects your strength (+3).
   It affects your intelligence (+3).
   It affects your dexterity (+4).
Missiles
 q - 10 poisoned needles
 F - 14 arrows
Armour
 l - a +1 cap (worn)
 u - a +0 cloak (worn)
Magical devices
 d - a wand of digging (16)
 S - a wand of magic darts (12) {unknown}
Comestibles
 c - 10 bread rations
 O - 2 meat rations
Scrolls
 i - 2 scrolls of recharging
 m - a scroll of curse armour
 o - 2 scrolls of identify
 p - 4 scrolls of remove curse
 v - 2 scrolls of amnesia
 z - a scroll of enchant armour
 J - 2 scrolls of fog
 K - a scroll of teleportation
Jewellery
 f - an uncursed amulet of rage
 j - a ring of magical power (left hand)
 t - an amulet of faith (around neck)
 y - an uncursed amulet of resist mutation
 B - a ring of ice (right hand)
 I - a -2 ring of protection
 N - an uncursed amulet of the gourmand {unknown}
Potions
 n - 4 potions of curing {unknown}
 r - a potion of agility
 D - a potion of cure mutation {unknown}
 G - 4 potions of confusion {unknown}
 L - 3 potions of might
 M - a potion of flight {unknown}
Books
 b - a book of Callings

   Spells                             Type                      Level
   *Summon Small Mammal               Summoning                    1
   *Call Imp                          Summoning                    2
   *Call Canine Familiar              Summoning                    3
   *Summon Scorpions                  Summoning/Poison             4
   Summon Ice Beast                   Ice/Summoning                4
 A - a book of War Chants

   Spells                             Type                      Level
   Fire Brand                         Charms/Fire                  2
   Freezing Aura                      Charms/Ice                   2
   Shroud of Golubria                 Charms/Translocation         2
   Repel Missiles                     Charms/Air                   2
   Poison Weapon                      Charms/Poison                3
   Regeneration                       Charms/Necromancy            3
 P - a book of Battle

   Spells                             Type                      Level
   Infusion                           Charms                       1
   Shroud of Golubria                 Charms/Translocation         2
   Song of Slaying                    Charms                       2
   Spectral Weapon                    Hexes/Charms                 3
   Regeneration                       Charms/Necromancy            3
   Song of Shielding                  Charms                       4


   Skills:
 - Level 1.7(1.1) Dodging
 - Level 1.7(1.1) Stealth
 - Level 8.3(7.6) Spellcasting
 + Level 7.8(7.1) Summonings
 + Level 3.7(3.1) Poison Magic


You had 13 spell levels left.
You knew the following spells:

 Your Spells              Type           Power        Failure   Level  Hunger
a - Summon Small Mammal   Summ           ####         1%          1    None
b - Call Imp              Summ           ####......   1%          2    None
c - Call Canine Familiar  Summ           ####......   1%          3    ##.....
d - Summon Scorpions      Summ/Pois      ###.......   14%         4    ####...


Dungeon Overview and Level Annotations

Branches:
Dungeon (7/27)             Temple (1/1) D:4
    Orc: D:6-11

Altars:
Ashenzari
Cheibriados
Elyvilon
Fedhas
Kikubaaqudgha
Makhleb
Nemelex Xobeh
Okawaru
Sif Muna
Trog
Vehumet
Xom
Yredelemnul
Zin
the Shining One

Annotations
Abyss:1 Eustachio


Innate Abilities, Weirdness & Mutations

You can breathe blasts of noxious fumes.
Your lurid green scales are hard (AC +6).
Your body does not fit into most forms of armour.
Your cold-blooded metabolism reacts poorly to cold.
Your system is resistant to poisons.


Message History

All of the chunks of flesh in your inventory have completely rotted away.
Evoke which item? (* to show all) (? for menu, Esc to quit)
Okay, then.
Drink which item? (? for menu, Esc to quit)
You feel much better. Something hits your crimson imp.
The wight hits you with a great mace!
* * * LOW HITPOINT WARNING * * *
Press: ? - help, v - describe, . - travel
Here: a wight, wielding a great mace and wearing a robe (lightly damaged)
The floor.
Unknown command.
Read which item? (? for menu, Esc to quit)
Okay, then.
Unknown command.
Read which item? (? for menu, Esc to quit)
Okay, then.
Read which item? (? for menu, Esc to quit)
As you read the scroll of teleportation, it crumbles to dust.
You feel strangely unstable. The wight hits you with a great mace!
You die...

. ########## 5# #?.......# .#
#........#### .# #...........# %#
#...........# ###.# .
#...........# #...# ...
#...........############.).#.....
#....[...)>.....@zz.z.5.z..'.....
##########'#################.....
#.# ... #.# # #.# #.# #.# #.# #.#


You could see 4 wights and a friendly crimson imp.

Vanquished Creatures
  A spriggan (D:7)
  A sky beast (D:5)
  A centaur (D:6)
  2 giant frogs
  A water moccasin (D:7)
  A wight (D:7)
  4 crimson imps
  5 water moccasin zombies (Ossuary)
  A worker ant (D:4)
  Crazy Yiuf (D:3)
  3 orc priests (D:6)
  2 hounds
  A scorpion (D:6)
  An orc wizard (D:6)
  An iguana (D:5)
  A big kobold zombie (Ossuary)
  A hound skeleton (D:7)
  2 mummies (Ossuary)
  3 adders
  2 gnolls
  2 green rats (D:6)
  A worker ant zombie (D:2)
  2 worms
  An ufetubus (D:6)
  4 adder zombies (Ossuary)
  5 giant geckos
  2 oozes
  14 orcs
  2 ball pythons
  14 bats
  A bat skeleton (D:4)
  A bat zombie (D:2)
  2 giant cockroaches
  12 goblins
  12 hobgoblins
  9 kobolds
  4 quokkas
  3 giant newts (D:2)
  4 gnoll zombies
  A hobgoblin skeleton (D:2)
  3 hobgoblin zombies (Ossuary)
  11 jackals
  2 kobold skeletons
  5 kobold zombies
  4 orc zombies
  A quokka skeleton (D:2)
  8 rats
  A rat zombie (D:6)
166 creatures vanquished.

Vanquished Creatures (collateral kills)
  Edmund (D:6)
  An ogre (D:5)
  A sky beast (D:5)
  A crimson imp (D:5)
  An iguana (D:6)
  2 orc wizards
  2 worker ants (D:4)
  3 adders
  5 gnolls
  A worm (D:6)
  4 orcs
  3 goblins
  A hobgoblin (D:6)
  5 jackals
  3 kobolds
  A gnoll zombie (D:5)
  A quokka zombie (D:5)
  4 rats
40 creatures vanquished.

Vanquished Creatures (others)
  An ice beast (D:7)
  6 hounds
  6 crimson imps
  2 iguanas
  A water moccasin zombie (Ossuary)
  A scorpion (D:4)
  3 white imps
  A shadow imp (D:5)
  An ufetubus (D:6)
  2 grey rats
  A giant cockroach (D:4)
  A gnoll zombie (Ossuary)
  11 jackals
  A quokka (D:2)
  2 bats
  A kobold (D:6)
  A kobold zombie (Ossuary)
42 creatures vanquished.

Grand Total: 248 creatures vanquished

Notes
Turn   | Place    | Note
--------------------------------------------------------------
     0 | D:1      | Rycklaryybbe, the Draconian Summoner, began the quest for the Orb.
     0 | D:1      | Reached XP level 1. HP: 14/14 MP: 3/3
   578 | D:1      | Reached XP level 2. HP: 20/20 MP: 4/4
   582 | D:1      | Learned a level 2 spell: Call Imp
  1207 | D:2      | Reached skill level 5 in Summonings
  1234 | D:2      | Reached XP level 3. HP: 26/26 MP: 5/5
  1774 | D:2      | Reached XP level 4. HP: 24/33 MP: 7/7
  2384 | D:3      | Learned a level 3 spell: Call Canine Familiar
  2391 | D:3      | Noticed Crazy Yiuf
  2404 | D:3      | Killed Crazy Yiuf
  2654 | D:3      | Reached XP level 5. HP: 31/38 MP: 10/10
  3473 | D:4      | Found a staircase to the Ecumenical Temple.
  3484 | Temple   | Entered the Ecumenical Temple
  3684 | Temple   | Became a worshipper of Sif Muna the Loreminder
  3791 | D:4      | Chaositek: А как же монк?
  3795 | D:4      | Rycklaryybbe: а так же монк
  3795 | D:4      | Chaositek: Суммонеру лучше Вехумет кстати=)
  3802 | D:4      | Rycklaryybbe: я им вообще не играл
  3804 | D:4      | Chaositek: Он ему книжки дает по суммонам
  4119 | D:5      | Entered Level 5 of the Dungeon
  4352 | D:5      | Chaositek: Недавно начал?
  4353 | D:5      | Rycklaryybbe: ну уже недели три как
  4373 | D:5      | Chaositek: Значит недавно, что тебя толкнуло на тернистый путь рогаликофага?
  4377 | D:5      | Rycklaryybbe: я в адом играть начал дет 10 назад
  4377 | D:5      | Rycklaryybbe: ну ладно, лет 7
  4377 | D:5      | Rycklaryybbe: так что уже не помню, что толкнуло
  4469 | D:5      | Chaositek: Адом хорошая штука, Бискап сейчас Jade делает, играл?
  4469 | D:5      | Rycklaryybbe: бискап сейчас адом делает)
  4469 | D:5      | Rycklaryybbe: новые расы, классы, тайлы
  4469 | D:5      | Chaositek: На двигане Jade
  4469 | D:5      | Rycklaryybbe: у тебя старая инфа)
  4469 | D:5      | Chaositek: Возможно =)
  4471 | D:5      | Chaositek: Но есть на компе Jade
  4471 | D:5      | Rycklaryybbe: джейд сильно недоделаный
  4471 | D:5      | Rycklaryybbe: на рутрекере есть последний адом
  4471 | D:5      | Rycklaryybbe: с новыми класам и расами)
  4471 | D:5      | Rycklaryybbe: адом это супер)
  4473 | D:5      | Chaositek: На рутрекере? Гиг чтоли весит?
  4473 | D:5      | Rycklaryybbe: там просто версия платная
  4473 | D:5      | Rycklaryybbe: но паренек выложил
  4475 | D:5      | Chaositek: Я начинал с NetHack и до сих пор его считаю самым проработанным роуглайком
  4730 | D:5      | Rycklaryybbe: а я вот в него не играл
  4730 | D:5      | Rycklaryybbe: адом, теперь вот кравл
  4751 | D:5      | Found a shimmering altar of Xom.
  4758 | D:5      | Noticed an ogre
  4769 | D:5      | Killed an ogre
  4769 | D:5      | Reached XP level 6. HP: 45/45 MP: 14/14
  4804 | D:5      | Chaositek: Из новинок cataclism понравился автор его забросил но комьюнити поддержало Сейчас на кикстартере они собирают 8 тыщ баксов для релиза и уже 9000$ собрали
  5126 | D:5      | Rycklaryybbe: не плохо
  5126 | D:5      | Rycklaryybbe: я играл в катаклизм прошлым летом
  5126 | D:5      | Chaositek: Самый навороченный Роуглайк с графоном и прочим это ToME советую классная вещь и с нормальным сюжетом
  5126 | D:5      | Rycklaryybbe: пробовал
  5126 | D:5      | Rycklaryybbe: не понравился
  5126 | D:5      | Rycklaryybbe: диабло какое-то
  5139 | D:5      | Noticed a sky beast
  5143 | D:5      | Chaositek: Ну это да, не всем нравится
  5145 | D:5      | Rycklaryybbe: я диабло не люблю)
  5155 | D:5      | Chaositek: Я люблю но гне считаю что томе похоже на Диабло
  5159 | D:5      | Rycklaryybbe: похож-похож
  5159 | D:5      | Rycklaryybbe: казуальный рогалик
  5160 | D:5      | Chaositek: Пробывал вот дварвен фортресс, ниасилил
  5160 | D:5      | Rycklaryybbe: я вот в кравле дос их пор не могу привыкнуть к его деревянности
  5160 | D:5      | Rycklaryybbe: а я фанат ДФ
  5160 | D:5      | Rycklaryybbe: но тут да
  5160 | D:5      | Rycklaryybbe: не все могут играть(
  5160 | D:5      | Rycklaryybbe: *)
  5160 | D:5      | Chaositek: ЧТо за деревянность такая*
  5160 | D:5      | Rycklaryybbe: но возможности там..
  5160 | D:5      | Rycklaryybbe: деревянность номер один -- это скудное использование предметов
  5160 | D:5      | Rycklaryybbe: оружие в яд не окунуть
  5160 | D:5      | Rycklaryybbe: не знаю.. бутылек во врага не кинуть
  5160 | D:5      | Rycklaryybbe: с богами полный автоматизм)
  5160 | D:5      | Rycklaryybbe: в адоме боге реально боги
  5188 | D:5      | Killed a sky beast
  5188 | D:5      | Acquired Sif Muna's first power
  5188 | D:5      | Reached skill level 5 in Spellcasting
  5193 | D:5      | Chaositek: Раньше он более гибким был, оригинальная версия от линдси
  5433 | D:5      | Chaositek: Система прокачки была, что юзаешь то и качается, как в адоме или кравле
  5446 | D:5      | Chaositek: или Нетхаке*
  5495 | D:5      | Noticed a sky beast
  5508 | D:5      | HP: 2/45 [something (5)]
  5509 | D:5      | Rycklaryybbe: эх
  5509 | D:5      | Chaositek: беги
  5509 | D:5      | Chaositek: свитк есть?
  5509 | D:5      | Rycklaryybbe: однако суммонерами можно будет поигратьк ак-то
  5509 | D:5      | Rycklaryybbe: не куда бежать
  5509 | D:5      | Rycklaryybbe: справа невидимый тип
  5509 | D:5      | Chaositek: угу но вот только суммонны дают тебе только половину экспы
  5509 | D:5      | Rycklaryybbe: это да
  5509 | D:5      | Chaositek: качатся дольше надо
  5509 | D:5      | Rycklaryybbe: но она особо ему и не нужна насколько я вижу
  5509 | D:5      | Chaositek: ванды?
  5509 | D:5      | Chaositek: Вампир лучше саммонит
  5509 | D:5      | Rycklaryybbe: но дракон выжывает лучше
  5509 | D:5      | Chaositek: да ну
  5509 | D:5      | Rycklaryybbe: хотя попробую и вампиром
  5509 | D:5      | Rycklaryybbe: 7 Ас)
  5509 | D:5      | Chaositek: Летучая мышь рулит
  5509 | D:5      | Chaositek: нгахрена тебе ас если ты маг?
  5528 | D:5      | Chaositek: стой
  5546 | D:5      | Chaositek: нажав t ты можешь отдать приказ
  5548 | D:5      | Rycklaryybbe: знаю
  5564 | D:5      | Chaositek: скажи им стоять а сам вали
  5818 | D:5      | Killed a sky beast
  5936 | D:5      | Chaositek: ты Прошел Адом?
  5972 | D:5      | Your scales start taking on a lurid green colour.
  5972 | D:5      | Gained mutation: Your system is resistant to poisons. [draconian maturity]
  5972 | D:5      | Reached XP level 7. HP: 42/50 MP: 18/18
  5973 | D:5      | Rycklaryybbe: конечно
  5973 | D:5      | Rycklaryybbe: не раз
  5975 | D:5      | Chaositek: мужик я там собачку только спасти смог
  5976 | D:5      | Chaositek: тоесть труп принести
  5976 | D:5      | Chaositek: =D
  5976 | D:5      | Rycklaryybbe: это один из самых сложных квестов вначале)
  5976 | D:5      | Rycklaryybbe: блин, так ты адома и не знаешь совсем получается
  5976 | D:5      | Rycklaryybbe: жаль жаль
  5979 | D:5      | Chaositek: Мне больше с темным друидом не нравится иметь дело
  5979 | D:5      | Chaositek: Ну я представляю механику
  5984 | D:5      | Chaositek: Я дропнул порядка сотни персонажец
  5993 | D:5      | Chaositek: амулет веры
  5995 | D:5      | Chaositek: херого
  6010 | D:5      | Rycklaryybbe: чего?
  6010 | D:5      | Rycklaryybbe: пусть растет пейти
  6016 | D:5      | Chaositek: Амулет веры, если снимишь его бог обидется
  6380 | D:6      | Noticed Edmund
  6423 | D:6      | Killed Edmund
  6423 | D:6      | Reached skill level 6 in Spellcasting
  6589 | D:6      | Acquired Sif Muna's second power
  6594 | D:6      | Chaositek: Нашел Адом, качаю, классно пеобразился он кстати
  6594 | D:6      | Rycklaryybbe: а то
  6594 | D:6      | Rycklaryybbe: он же там тоже тыщ 40 собрад
  6796 | D:6      | Noticed Eustachio
  6797 | D:6      | Reached skill level 7 in Spellcasting
  6855 | D:6      | Chaositek: Вообще кикстартер это вещь, приятно когда игры на выход продолжения которых я и не надеялся вдруг выходят
  6990 | D:6      | Found a sand-covered staircase.
  6999 | Ossuary  | Entered an ossuary
  7105 | Ossuary  | Reached XP level 8. HP: 41/57 MP: 22/22
  7330 | D:6      | Chaositek: За кого посоветуешь новичку начать играть в адоме?
  7331 | D:6      | Rycklaryybbe: хмм..
  7331 | D:6      | Rycklaryybbe: смотря от чего ты умираешь
  7331 | D:6      | Chaositek: От всего подряд =)
  7331 | D:6      | Rycklaryybbe: т.е. зависит от стиля игры. я, например, обожаю халфлингов
  7331 | D:6      | Rycklaryybbe: любой класс с ними
  7331 | D:6      | Rycklaryybbe: их природная способность швырять камни помогает выжить рано
  7331 | D:6      | Chaositek: обычно куча монстров спанится муравьев или пчел каких и они меня уделывают
  7331 | D:6      | Rycklaryybbe: так не дерись
  7331 | D:6      | Rycklaryybbe: пробегай этаж
  7331 | D:6      | Rycklaryybbe: цель ведь у тебя глобальная
  7331 | D:6      | Rycklaryybbe: иди сразу в главную пещеру)
  7331 | D:6      | Chaositek: А класс?
  7331 | D:6      | Rycklaryybbe: повоюй на арене
  7331 | D:6      | Rycklaryybbe: самый мощный это лучник
  7331 | D:6      | Rycklaryybbe: но надо крафтить стрелы
  7331 | D:6      | Chaositek: не мне лучше мага или рукопашника
  7331 | D:6      | Rycklaryybbe: маг мощный
  7331 | D:6      | Rycklaryybbe: но главное выжить в начале
  7331 | D:6      | Chaositek: Элементалист как?
  7331 | D:6      | Rycklaryybbe: т.к. слаб
  7331 | D:6      | Rycklaryybbe: элементалист норм
  7331 | D:6      | Rycklaryybbe: но визард мощнее
  7331 | D:6      | Chaositek: у него ничего запониать не надо хоть
  7331 | D:6      | Chaositek: запоминать*
  7331 | D:6      | Rycklaryybbe: да, но..
  7331 | D:6      | Rycklaryybbe: иммуны
  7331 | D:6      | Rycklaryybbe: это проблема
  7331 | D:6      | Chaositek: МОнк?
  7331 | D:6      | Rycklaryybbe: плюс у визарда очень много вспомоготнельных спелов
  7331 | D:6      | Rycklaryybbe: полет, инвиз, телепорт, сила атласов
  7331 | D:6      | Rycklaryybbe: но! поиграй файтерами
  7331 | D:6      | Rycklaryybbe: бери бистфайтера
  7331 | D:6      | Rycklaryybbe: мощный класс
  7331 | D:6      | Chaositek: Знаю такого
  7331 | D:6      | Chaositek: Типа монк против зверей?
  7331 | D:6      | Rycklaryybbe: типа монк зверь :)
  7331 | D:6      | Rycklaryybbe: темный эльфы хороший бистфайтеры
  7331 | D:6      | Chaositek: а как асасин?
  7331 | D:6      | Rycklaryybbe: у них есть скли -- find weakness
  7331 | D:6      | Rycklaryybbe: сложноват
  7331 | D:6      | Rycklaryybbe: но мне нравится
  7331 | D:6      | Chaositek: Бэкстабы есть?
  7331 | D:6      | Rycklaryybbe: он и лучник и с двух рук рубит
  7331 | D:6      | Rycklaryybbe: есть
  7340 | D:6      | Reached skill level 8 in Spellcasting
  7618 | D:6      | Rycklaryybbe: главное не бери торговца, фермера)
  7618 | D:6      | Rycklaryybbe: маиндкрафтер уникальный класс
  7618 | D:6      | Chaositek: А класс мне Ящерица приклывает
  7618 | D:6      | Rycklaryybbe: первый, которым я прошел игру
  7618 | D:6      | Rycklaryybbe: это раса =)
  7618 | D:6      | Chaositek: Я знаю
  7618 | D:6      | Rycklaryybbe: да, очень сбалансированая
  7618 | D:6      | Rycklaryybbe: и скилы отличные
  7618 | D:6      | Rycklaryybbe: фуд презервейшен очень важный скил
  7618 | D:6      | Chaositek: а кукинг?
  7618 | D:6      | Rycklaryybbe: есть только у людей, тролей, хоббитов и дрейклингов
  7618 | D:6      | Rycklaryybbe: кукинг нет
  7618 | D:6      | Chaositek: Сварить гоблина этоже охуенно
  7618 | D:6      | Rycklaryybbe: фуд презерв -- помогает сохранять дольше трупы -- и! что важнее, у тебя больше трупов будет попадаться
  7618 | D:6      | Rycklaryybbe: а трупы в адоме это оченб важно
  7618 | D:6      | Rycklaryybbe: и вторйо важный скил -- alertness
  7618 | D:6      | Chaositek: А кста, как насчет некрыча?
  7618 | D:6      | Rycklaryybbe: и у дрейклингов они тоже есть
  7618 | D:6      | Rycklaryybbe: некроманты клевые
  7618 | D:6      | Rycklaryybbe: проходил ими
  7618 | D:6      | Chaositek: тот же маг но с доп скиллом
  7618 | D:6      | Rycklaryybbe: но вначале сложнее
  7618 | D:6      | Rycklaryybbe: попробуй
  7618 | D:6      | Rycklaryybbe: притом можно даже орком играть
  7618 | D:6      | Chaositek: Обидно что только гуманоидов можно воскрешать
  7618 | D:6      | Rycklaryybbe: маны меньше, но зато зп больше)
  7618 | D:6      | Rycklaryybbe: нормально
  7618 | D:6      | Chaositek: Я хотел девочке подарить собачку зомби =D
  7618 | D:6      | Rycklaryybbe: ))
  7618 | D:6      | Rycklaryybbe: подари ей труп)
  7655 | D:6      | Chaositek: Дарил
  7932 | D:6      | Banished Eustachio
  8123 | D:7      | Rycklaryybbe: в новых версиях есть класс дуэлист
  8123 | D:7      | Rycklaryybbe: очень мощный милишник
  8138 | D:7      | Learned a level 4 spell: Summon Scorpions
  8247 | D:7      | Reached skill level 1 in Poison Magic
  8270 | D:7      | Noticed a spriggan baker
  8274 | D:7      | Killed a spriggan baker
  8274 | D:7      | Acquired Sif Muna's third power
  8467 | D:7      | Got a crude spear
  8468 | D:7      | Identified the +4,+2 spear of Overwhelming Force {freeze, Str+3 Dex+4 Int+3} (You found it on level 7 of the Dungeon)
  8524 | D:7      | Rycklaryybbe: а вообще я люлбю монков... в адоме они настоящие)
  8534 | D:7      | Chaositek: В нетхаке тоже
  8545 | D:7      | Chaositek: Там если голодаешь монком то у него виздом повышается который за уворот отвечает
  8545 | D:7      | Rycklaryybbe: мило)
  8545 | D:7      | Rycklaryybbe: в адоме монк на 13 уровне может ломать стены ногами
  8545 | D:7      | Rycklaryybbe: это моя самая любимая возможность в игре))
  8545 | D:7      | Chaositek: Круто
  8545 | D:7      | Chaositek: А как у него со скиллами?
  8545 | D:7      | Rycklaryybbe: у монка один из лучших скилсетов в игре
  8545 | D:7      | Chaositek: Алерт и презервэйшн есть?
  8545 | D:7      | Rycklaryybbe: особенно у хоббита ;)
  8545 | D:7      | Rycklaryybbe: есть все, о чем можно мечтать
  8545 | D:7      | Rycklaryybbe: атлетизм
  8545 | D:7      | Rycklaryybbe: додж
  8545 | D:7      | Chaositek: В кравле монки сосут если честно
  8545 | D:7      | Rycklaryybbe: плюс монахи и колдавать могут
  8545 | D:7      | Rycklaryybbe: в кровле просто нет монков
  8545 | D:7      | Rycklaryybbe: есть скил рукопашки
  8545 | D:7      | Chaositek: Угу
  8545 | D:7      | Rycklaryybbe: и он не сосет, он очень мощный
  8545 | D:7      | Rycklaryybbe: только его надо качать до 27
  8545 | D:7      | Chaositek: ага+ кулаками одними не много чего сдеаешь
  8545 | D:7      | Rycklaryybbe: я на 22 уровне встретил сэинт року
  8545 | D:7      | Rycklaryybbe: убил его с 5 ударов, кулаками
  8545 | D:7      | Chaositek: Либо трансмутации учить чтобы отращивать себе хвости или превращатся в дракона
  8545 | D:7      | Rycklaryybbe: еще раз повторяю
  8545 | D:7      | Rycklaryybbe: 5 ударов
  8545 | D:7      | Rycklaryybbe: сэинт рока)
  8545 | D:7      | Rycklaryybbe: кулаками
  8545 | D:7      | Rycklaryybbe: кулаки - рулят
  8545 | D:7      | Chaositek: Я с удара 27 голову гидру убил
  8545 | D:7      | Rycklaryybbe: просто ты не раскачивал их, не играл
  8545 | D:7      | Chaositek: Бэкстабом =D
  8545 | D:7      | Rycklaryybbe: ты просто не в курсе, но рукопашка - самое мощное роужие в кравле
  8545 | D:7      | Slain by a wight

Action                   |  1- 3 |  4- 6 |  7- 9 || total
-------------------------+-------+-------+-------++-------
Melee: Unarmed           |    20 |       |       ||    20
       Short sword       |    29 |       |       ||    29
       Spear             |    96 |   175 |   278 ||   549
       Halberd           |       |    56 |    28 ||    84
       Quarterstaff      |       |       |    25 ||    25
       Flail             |       |       |     8 ||     8
Throw: Spear             |       |     1 |     7 ||     8
 Cast: Summon Small Mamm |     5 |     6 |       ||    11
       Call Imp          |     4 |    15 |    18 ||    37
       Call Canine Famil |       |    25 |    16 ||    41
 Abil: Breathe Noxious F |       |       |     4 ||     4
Evoke: Wand              |       |     2 |     1 ||     3
  Use: Potion            |       |     2 |     1 ||     3
       Scroll            |       |     1 |    16 ||    17
 Stab: Sleeping          |       |     3 |     4 ||     7
       Paralysed         |       |       |     3 ||     3
       Petrified         |       |       |     1 ||     1
       Distracted        |       |       |     1 ||     1
